Rocket vs Sound Tigers

Created - April 2, 2023 at 20:47

Goals
1 2 3 T
Rocket 2 1 1 4
Sound Tigers 1 5 3 9
Shots
1 2 3 T
Rocket 13 8 12 33
Sound Tigers 6 18 17 41

1st period

1. Rocket , Scott Wilson 19 (Brandon Pirri 29, Karson Kuhlman 14) at 4:31
2. Sound Tigers , Alex Tuch 41 (Ryan Hartman 22) at 7:32
3. Rocket , Andrey Pedan 2 (Adrian Kempe 57, Danton Heinen 62) at 13:51

Penalties :
Adrian Kempe (Lav) for Hooking (Minor) at 14:13

2nd period

4. Sound Tigers , Alex Tuch 42 (Ryan Hartman 23, Borna Rendulic 32) at 3:15
5. Sound Tigers , Garret Ross 33 (Nick Blankenburg 19) at 3:49
6. Rocket , Scott Wilson 20 (Adam Fox 24, Brandon Pirri 30) at 10:36 (PP)
7. Sound Tigers , Pavel Kraskovsky 28 (Ben Thomson 20, Nick Blankenburg 20) at 11:46
8. Sound Tigers , Ryan Hartman 19 (Alex Tuch 55, Borna Rendulic 33) at 14:19 (PP)
9. Sound Tigers , Tyrell Goulbourne 7 (James Livingstone 25, Joe Labate 19) at 19:17

Penalties :
Borna Rendulic (BRI) for Holding (Minor) at 3:56, Alexander Yelesin (BRI) for High sticking (Minor) at 9:54, Danton Heinen (Lav) for Hooking (Minor) at 14:06, Taylor Aronson (BRI) for Holding (Minor) at 14:28

3rd period

10. Sound Tigers , Alex Tuch 43 (Borna Rendulic 34, Ryan Hartman 24) at 4:14 (PP)
11. Sound Tigers , Miro Heiskanen 4 (Nick Blankenburg 21, Ryan Hartman 25) at 6:06 (PP)
12. Rocket , Adrian Kempe 53 (Danton Heinen 63, Mason Appleton 5) at 10:20
13. Sound Tigers , James Livingstone 14 (Ben Thomson 21, Miro Heiskanen 17) at 19:54 (PP)

Penalties :
Danton Heinen (Lav) for Holding (Minor) at 1:25, Adrian Kempe (Lav) for Goalie Interference (Minor) at 4:08, Adam Fox (Lav) for Hooking (Minor) at 5:51, James Livingstone (BRI) for Holding (Minor) at 12:21, Nick Blankenburg (BRI) for Hooking (Minor) at 17:43, Andrey Pedan (Lav) for Hooking (Minor) at 18:14

Goalie Stats

Eamon McAdam (Lav), 14 saves from 18 shots - (0.778), 25:41 minutes
Igor Shesterkin (Lav), 18 saves from 23 shots - (0.783), L, 25-15-6, 34:19 minutes
Pavel Francouz (BRI), 29 saves from 33 shots - (0.879), W, 24-12-2, 60:00 minutes

Players Stats for Rocket

Player Name              G  A  P  +/- PIM S  H  SB GA TA FO     MP     PP MP  PK MP  
------------------------------------------------------------------------------------
Adam Fox                 0  1  1  -1  2   2  0  1  1  0  0/0    23:23   4:19   0:00 
Adrian Kempe             1  1  2   1  4   4  1  1  2  0  0/2    21:41   4:25   0:18 
Andrei Mironov           0  0  0   0  0   1  0  0  0  0  0/0    14:22   0:00   1:32 
Andrey Pedan             1  0  1  -1  2   4  1  0  0  3  0/0    21:55   2:50   3:00 
Branden Troock           0  0  0  -2  0   0  3  0  0  0  0/0    11:23   0:02   0:00 
Brandon Pirri            0  2  2   0  0   3  0  0  0  0  0/1    16:57   2:43   1:26 
Corey Trivino            0  0  0   1  0   1  1  0  0  1  20/37  21:20   4:25   0:52 
Danton Heinen            0  2  2   1  4   1  2  0  1  0  1/1    20:40   4:25   0:00 
Dean Kukan               0  0  0  -1  0   1  1  2  1  0  0/0    26:55   2:51   3:12 
Dominic Turgeon          0  0  0  -2  0   3  1  0  0  0  4/12   17:08   2:43   3:03 
Dylan DeMelo             0  0  0   0  0   2  0  0  0  1  0/0    17:11   4:19   0:00 
Jiri Sekac               0  0  0  -2  0   4  1  0  0  0  0/1    14:14   0:02   2:51 
Karson Kuhlman           0  1  1   0  0   0  1  0  0  2  3/7    12:59   0:00   0:43 
Mason Appleton           0  1  1  -1  0   0  0  0  0  0  1/4     8:12   0:02   0:00 
Scott Wilson             2  0  2   0  0   5  2  1  0  0  0/0    14:59   2:43   0:00 
Sergey Tolchinsky        0  0  0  -1  0   1  3  0  1  0  0/0     7:13   0:00   0:15 
Ty Rattie                0  0  0  -1  0   1  1  0  0  0  0/0     6:58   0:00   0:00 
Viktor Loov              0  0  0  -1  0   0  2  0  0  0  0/0    16:12   0:00   1:44 

Players Stats for Sound Tigers

Player Name              G  A  P  +/- PIM S  H  SB GA TA FO     MP     PP MP  PK MP  
------------------------------------------------------------------------------------
Alex Steeves             0  0  0   0  0   0  0  0  0  0  0/0     0:00   0:00   0:00 
Alex Tuch                3  1  4   0  0   8  0  2  2  0  3/4    24:04   2:49   4:50 
Alexander Yelesin        0  0  0  -1  2   0  3  0  0  0  0/0    12:03   0:12   0:50 
Ben Johnson              0  0  0   0  0   0  0  0  0  0  0/0     0:36   0:00   0:34 
Ben Thomson              0  2  2   1  0   0  3  0  1  0  0/0    11:08   0:12   0:47 
Blake Speers             0  0  0   0  0   0  0  0  0  0  0/0     0:00   0:00   0:00 
Borna Rendulic           0  3  3   1  2   7  1  0  1  1  0/1    18:06   2:49   0:00 
Brad Ross                0  0  0   0  0   0  0  0  0  0  0/0     0:00   0:00   0:00 
Brandon Gignac           0  0  0   0  0   0  0  0  0  0  0/0     0:00   0:00   0:00 
Casey Staum              0  0  0   0  0   0  0  0  0  0  0/0     9:49   0:00   0:00 
Gabriel Carlsson         0  0  0   1  0   3  2  1  0  0  0/0    29:19   2:37   4:41 
Garret Pilon             0  0  0   0  0   0  0  0  0  0  0/0     0:00   0:00   0:00 
Garret Ross              1  0  1  -1  0   2  3  1  1  0  0/0    17:23   1:43   1:33 
James Livingstone        1  1  2  -1  2   2  1  0  0  0  1/1    16:19   1:55   0:23 
Joe Labate               0  1  1  -1  0   3  1  0  1  0  6/11   17:23   1:43   1:33 
Josh Archibald           0  0  0   1  0   0  0  1  0  0  0/0     7:40   0:00   0:00 
Miro Heiskanen           1  1  2   2  0   3  1  3  0  1  0/0    20:36   2:07   2:29 
Nick Blankenburg         0  3  3   2  2   2  2  2  0  1  0/0    20:10   2:07   3:01 
Noah Cates               0  0  0   0  0   0  0  0  0  0  0/0     0:00   0:00   0:00 
Pavel Kraskovsky         1  0  1   1  0   4  2  0  0  0  0/2     9:55   0:00   0:00 
Rhett Gardner            0  0  0   1  0   0  0  0  0  0  2/3     7:40   0:00   0:00 
Ross Colton              0  0  0   1  0   0  1  0  0  0  0/0     9:55   0:00   0:00 
Ryan Hartman             1  4  5   1  0   4  0  2  1  1  24/43  23:34   2:49   4:40 
Taylor Aronson           0  0  0   1  2   1  0  1  0  2  0/0    27:57   2:37   3:19 
Tyrell Goulbourne        1  0  1   1  0   2  0  1  0  0  0/0     7:40   0:00   0:00 

3 Stars

1 - Alex Tuch (BRI)
2 - Ryan Hartman (BRI)
3 - Miro Heiskanen (BRI)

Power Play

Rocket - 1 on 5 Attempt(s) - 20.00%
Sound Tigers - 4 on 6 Attempt(s) - 66.67%

Penalty Kill

Rocket - 2 on 6 Attempt(s) - 33.33% - Score 0 goal in Penalty Kill
Sound Tigers - 4 on 5 Attempt(s) - 80.00% - Score 0 goal in Penalty Kill

Team Stat

Rocket - Hits : 20 - Faceoff Wins : 29 - Blocked Shots : 5 - Penalty Minutes : 12
Sound Tigers - Hits : 20 - Faceoff Wins : 36 - Blocked Shots : 14 - Penalty Minutes : 10

Official

Referees : Wes McCauley and Jean Hebert
Linesman : Pierre Racicot and Steve Barton

Game Notes

Eamon McAdam enters game at 14:19 of 2nd period
Alex Tuch has scored a Hat Trick!

Finance

Level 1 -- Attendance: 1968 (98.40%) -- Ticket Income $68,880
Level 2 -- Attendance: 1000 (100.00%) -- Ticket Income $15,000
Total Attendance: 2968 (98.93%)
Total Ticket Income: $83,880
Other Income: $4,194
Total Income: $88,074

Rocket

5 vs 5 Forward 
   Center                   Left Wing                Right Wing               Time % Phy DF OF 
 1 Corey Trivino            Adrian Kempe             Danton Heinen            40     0   2  3  
 2 Karson Kuhlman           Brandon Pirri            Scott Wilson             30     0   2  3  
 3 Dominic Turgeon          Jiri Sekac               Branden Troock           20     0   2  3  
 4 Mason Appleton           Sergey Tolchinsky        Ty Rattie                10     0   2  3  

5 vs 5 Defense 
   Defense                  Defense                                           Time % Phy DF OF 
 1 Dean Kukan               Adam Fox                                          40     0   2  3  
 2 Viktor Loov              Andrey Pedan                                      30     0   2  3  
 3 Andrei Mironov           Dylan DeMelo                                      20     0   2  3  
 4 Dean Kukan               Andrey Pedan                                      10     0   2  3  

PowerPlay Forward 
   Center                   Left Wing                Right Wing               Time % Phy DF OF 
 1 Corey Trivino            Adrian Kempe             Danton Heinen            60     0   1  4  
 2 Dominic Turgeon          Brandon Pirri            Scott Wilson             40     0   1  4  

PowerPlay Defense
   Defense                  Defense                                           Time % Phy DF OF 
 1 Dylan DeMelo             Adam Fox                                          60     0   1  4  
 2 Dean Kukan               Andrey Pedan                                      40     0   1  4  

Penalty Kill 4 Players Forward 
   Center                   Wing                     Time % Phy DF OF 
 1 Dominic Turgeon          Jiri Sekac               60     0   4  1  
 2 Karson Kuhlman           Brandon Pirri            40     0   4  1  

Penalty Kill 4 Players Defense
   Defense                  Defense                  Time % Phy DF OF 
 1 Dean Kukan               Andrey Pedan             60     0   4  1  
 2 Andrei Mironov           Viktor Loov              40     0   4  1  

Penalty Kill - 3 Players Forward 
   Forward                                           Time % Phy DF OF 
 1 Corey Trivino                                     60     0   5  0  
 2 Dominic Turgeon                                   40     0   5  0  

Penalty Kill - 3 Players Defense
   Defense                  Defense                  Time % Phy DF OF 
 1 Andrei Mironov           Viktor Loov              60     0   5  0  
 2 Adam Fox                 Andrey Pedan             40     0   5  0  

4 vs 4 Forward 
   Center                   Wing                     Time % Phy DF OF 
 1 Mason Appleton           Adrian Kempe             60     0   2  3  
 2 Dominic Turgeon          Brandon Pirri            40     0   2  3  

4 vs 4 Defense
   Defense                  Defense                  Time % Phy DF OF 
 1 Dean Kukan               Viktor Loov              60     0   2  3  
 2 Adam Fox                 Andrey Pedan             40     0   2  3  

Last Minutes Offensive
   Center                   Left Wing                Right Wing               Defense                  Defense                  
   Corey Trivino            Adrian Kempe             Danton Heinen            Dean Kukan               Adam Fox                 

Last Minutes Defensive
   Center                   Left Wing                Right Wing               Defense                  Defense                  
   Corey Trivino            Adrian Kempe             Danton Heinen            Dean Kukan               Adam Fox                 

Goaltenders
Starting : Igor Shesterkin          
Backup : Eamon McAdam             

Extra Forwards
Normal : Danton Heinen, Adrian Kempe, Brandon Pirri - PP : Danton Heinen, Adrian Kempe - PK : Brandon Pirri
Extra Defensemen
Normal : Adam Fox, Andrei Mironov, Dylan DeMelo - PP : Andrey Pedan - PK : Andrei Mironov, Dylan DeMelo
Penalty Shots
Adrian Kempe, Brandon Pirri, Corey Trivino, Jiri Sekac, Scott Wilson

Scratches
Dalton Smith (Healthy), Daniel Sprong (Healthy), Reese Johnson (Healthy), Guillaume Brisebois (Healthy), Jack Glover (Healthy)
Peter Holland (Healthy), Ryan Collins (Healthy), Tyler Lewington (Healthy), MacKenzie Entwistle (Healthy), Kole Sherwood (Healthy)
Luke Kunin (Healthy), Mikhail Maltsev (Healthy), Connor Ingram (Healthy)

Sound Tigers

5 vs 5 Forward 
   Center                   Left Wing                Right Wing               Time % Phy DF OF 
 1 Ryan Hartman             Alex Tuch                Borna Rendulic           40     1   2  2  
 2 Joe Labate               Garret Ross              James Livingstone        30     1   2  2  
 3 Pavel Kraskovsky         Ben Thomson              Ross Colton              20     1   2  2  
 4 Rhett Gardner            Tyrell Goulbourne        Josh Archibald           10     1   2  2  

5 vs 5 Defense 
   Defense                  Defense                                           Time % Phy DF OF 
 1 Gabriel Carlsson         Taylor Aronson                                    40     1   2  2  
 2 Miro Heiskanen           Nick Blankenburg                                  30     1   2  2  
 3 Alexander Yelesin        Casey Staum                                       20     1   2  2  
 4 Gabriel Carlsson         Taylor Aronson                                    10     1   2  2  

PowerPlay Forward 
   Center                   Left Wing                Right Wing               Time % Phy DF OF 
 1 Ryan Hartman             Alex Tuch                Borna Rendulic           60     1   2  2  
 2 Joe Labate               Garret Ross              James Livingstone        40     1   2  2  

PowerPlay Defense
   Defense                  Defense                                           Time % Phy DF OF 
 1 Gabriel Carlsson         Taylor Aronson                                    60     1   2  2  
 2 Miro Heiskanen           Nick Blankenburg                                  40     1   2  2  

Penalty Kill 4 Players Forward 
   Center                   Wing                     Time % Phy DF OF 
 1 Ryan Hartman             Alex Tuch                60     1   2  2  
 2 Joe Labate               Garret Ross              40     1   2  2  

Penalty Kill 4 Players Defense
   Defense                  Defense                  Time % Phy DF OF 
 1 Gabriel Carlsson         Taylor Aronson           60     1   2  2  
 2 Miro Heiskanen           Nick Blankenburg         40     1   2  2  

Penalty Kill - 3 Players Forward 
   Forward                                           Time % Phy DF OF 
 1 Ryan Hartman                                      60     1   2  2  
 2 Joe Labate                                        40     1   2  2  

Penalty Kill - 3 Players Defense
   Defense                  Defense                  Time % Phy DF OF 
 1 Gabriel Carlsson         Taylor Aronson           60     1   2  2  
 2 Miro Heiskanen           Nick Blankenburg         40     1   2  2  

4 vs 4 Forward 
   Center                   Wing                     Time % Phy DF OF 
 1 Ryan Hartman             Alex Tuch                60     1   2  2  
 2 Joe Labate               Garret Ross              40     1   2  2  

4 vs 4 Defense
   Defense                  Defense                  Time % Phy DF OF 
 1 Gabriel Carlsson         Taylor Aronson           60     1   2  2  
 2 Miro Heiskanen           Nick Blankenburg         40     1   2  2  

Last Minutes Offensive
   Center                   Left Wing                Right Wing               Defense                  Defense                  
   Ryan Hartman             Alex Tuch                Borna Rendulic           Gabriel Carlsson         Taylor Aronson           

Last Minutes Defensive
   Center                   Left Wing                Right Wing               Defense                  Defense                  
   Ryan Hartman             Alex Tuch                Borna Rendulic           Gabriel Carlsson         Taylor Aronson           

Goaltenders
Starting : Pavel Francouz           
Backup : Chris Driedger           

Extra Forwards
Normal : James Livingstone, Ben Thomson, Joe Labate - PP : James Livingstone, Ben Thomson - PK : James Livingstone
Extra Defensemen
Normal : Nick Blankenburg, Alexander Yelesin, Casey Staum - PP : Nick Blankenburg - PK : Nick Blankenburg, Alexander Yelesin
Penalty Shots
Alex Tuch, Ryan Hartman, Garret Ross, Borna Rendulic, James Livingstone

Scratches
Greg Pateryn (Healthy), Jakub Galvas (Right Hand Injury), Slater Koekkoek (Sprained Right Ankle Injury), Stuart Skinner (Healthy), Sean Maguire (Healthy)

% Time on Ice - Rocket

Lines # - Real PCT - Wanted PCT - Time Play
Normal Forward
1 - 34% - 40% - 16:03
2 - 26% - 30% - 12:18
3 - 24% - 20% - 11:19
4 - 15% - 10% - 6:58
Normal Defense
1 - 39% - 40% - 18:25
2 - 30% - 30% - 14:02
3 - 26% - 20% - 11:56
4 - 5% - 10% - 2:15
PP Forward
1 - 62% - 60% - 4:25
2 - 38% - 40% - 2:45
PP Defense
1 - 60% - 60% - 4:19
2 - 40% - 40% - 2:51
PK Forward
1 - 81% - 60% - 3:49
2 - 19% - 40% - 0:55
PK Defense
1 - 68% - 60% - 3:12
2 - 32% - 40% - 1:32
PK3 Forward
1 - 0% - 60%
2 - 0% - 40%
PK3 Defense
1 - 0% - 60%
2 - 0% - 40%
44 Forward
1 - 82% - 60% - 1:12
2 - 18% - 40% - 0:16
44 Defense
1 - 53% - 60% - 0:47
2 - 47% - 40% - 0:41
Last Minute Offensive  - 0:00
Last Minute Defensive  - 0:00
Total
Forward - 60:00
Defense - 60:00

% Time on Ice - Sound Tigers

Lines # - Real PCT - Wanted PCT - Time Play
Normal Forward
1 - 33% - 40% - 15:15
2 - 30% - 30% - 13:48
3 - 21% - 20% - 9:55
4 - 16% - 10% - 7:40
Normal Defense
1 - 41% - 40% - 19:18
2 - 32% - 30% - 15:03
3 - 22% - 20% - 10:05
4 - 5% - 10% - 2:12
PP Forward
1 - 64% - 60% - 3:01
2 - 36% - 40% - 1:43
PP Defense
1 - 55% - 60% - 2:37
2 - 45% - 40% - 2:07
PK Forward
1 - 78% - 60% - 5:37
2 - 22% - 40% - 1:33
PK Defense
1 - 67% - 60% - 4:46
2 - 33% - 40% - 2:24
PK3 Forward
1 - 0% - 60%
2 - 0% - 40%
PK3 Defense
1 - 0% - 60%
2 - 0% - 40%
44 Forward
1 - 78% - 60% - 1:09
2 - 22% - 40% - 0:19
44 Defense
1 - 36% - 60% - 0:32
2 - 64% - 40% - 0:56
Last Minute Offensive  - 0:00
Last Minute Defensive  - 0:00
Total
Forward - 60:00
Defense - 60:00

Play-by-Play

1st period


0:01 of 1st period - Corey Trivino wins face-off versus Ryan Hartman in neutral zone.
0:20 of 1st period - Alex Tuch is hit by Danton Heinen and loses puck.
1:54 of 1st period - Slapshot by Alex Tuch.
1:54 of 1st period - Shot Misses the Net.
2:16 of 1st period - Backhand shot by Jiri Sekac.
2:16 of 1st period - Stopped by Pavel Francouz with a rebound.
2:18 of 1st period - Slapshot by Dylan DeMelo.
2:18 of 1st period - Shot Blocked by Miro Heiskanen.
2:20 of 1st period - Slapshot by Jiri Sekac.
2:20 of 1st period - Shot Blocked by Nick Blankenburg.
2:22 of 1st period - Wrist shot by Dominic Turgeon.
2:22 of 1st period - Stopped by Pavel Francouz with a rebound.
2:24 of 1st period - Wrist shot by Dominic Turgeon.
2:24 of 1st period - Stopped by Pavel Francouz with a rebound.
2:26 of 1st period - Snap shot by Andrei Mironov.
2:26 of 1st period - Stopped by Pavel Francouz with a rebound.
3:39 of 1st period - Viktor Loov is hit by Ross Colton and loses puck.
4:01 of 1st period - Casey Staum is hit by Branden Troock and loses puck.
4:08 of 1st period - Jiri Sekac is hit by Miro Heiskanen and loses puck.
4:31 of 1st period - Wrist shot by Scott Wilson.
4:31 of 1st period - Goal by Scott Wilson - Rocket : 1 - Sound Tigers : 0.
4:32 of 1st period - Corey Trivino wins face-off versus Ryan Hartman in neutral zone.
4:37 of 1st period - Wrist shot by Danton Heinen.
4:37 of 1st period - Stopped by Pavel Francouz without a rebound.
4:38 of 1st period - Ryan Hartman wins face-off versus Corey Trivino in Sound Tigers zone.
4:52 of 1st period - Borna Rendulic is hit by Corey Trivino and loses puck.
5:09 of 1st period - Wrist shot by Alex Tuch.
5:09 of 1st period - Shot Misses the Net.
5:11 of 1st period - Slapshot by Miro Heiskanen.
5:11 of 1st period - Deflect By Dean Kukan.
5:11 of 1st period - Stopped by Igor Shesterkin with a rebound.
5:13 of 1st period - Slapshot by Nick Blankenburg.
5:13 of 1st period - Stopped by Igor Shesterkin with a rebound.
5:15 of 1st period - Slapshot by Miro Heiskanen.
5:15 of 1st period - Deflect By Alex Tuch.
5:15 of 1st period - Stopped by Igor Shesterkin without a rebound.
5:16 of 1st period - Joe Labate wins face-off versus Karson Kuhlman in Rocket zone.
5:17 of 1st period - Wrist shot by Garret Ross.
5:17 of 1st period - Shot Misses the Net.
6:05 of 1st period - Off-side.
6:06 of 1st period - Rhett Gardner wins face-off versus Mason Appleton in neutral zone.
6:42 of 1st period - Snap shot by Alex Tuch.
6:42 of 1st period - Shot Blocked by Adrian Kempe.
6:44 of 1st period - Snap shot by Alexander Yelesin.
6:44 of 1st period - Deflect By Ryan Hartman.
6:44 of 1st period - Stopped by Igor Shesterkin with a rebound.
7:20 of 1st period - Off-side.
7:21 of 1st period - Ryan Hartman wins face-off versus Corey Trivino in neutral zone.
7:32 of 1st period - Slapshot by Alex Tuch.
7:32 of 1st period - Goal by Alex Tuch - Rocket : 1 - Sound Tigers : 1.
7:33 of 1st period - Corey Trivino wins face-off versus Ryan Hartman in neutral zone.
8:25 of 1st period - Garret Ross is hit by Scott Wilson and loses puck.
8:50 of 1st period - Snap shot by Dominic Turgeon.
8:50 of 1st period - Shot Misses the Net.
8:52 of 1st period - Slapshot by Andrey Pedan.
8:52 of 1st period - Stopped by Pavel Francouz with a rebound.
8:54 of 1st period - Snap shot by Andrey Pedan.
8:54 of 1st period - Shot Blocked by Tyrell Goulbourne.
9:08 of 1st period - Backhand shot by Ty Rattie.
9:08 of 1st period - Shot Misses the Net.
9:25 of 1st period - Icing by Adam Fox.
9:26 of 1st period - Mason Appleton wins face-off versus Pavel Kraskovsky in Rocket zone.
10:43 of 1st period - Wrist shot by Jiri Sekac.
10:43 of 1st period - Stopped by Pavel Francouz without a rebound.
10:44 of 1st period - Corey Trivino wins face-off versus Rhett Gardner in Sound Tigers zone.
10:45 of 1st period - Snap shot by Adrian Kempe.
10:45 of 1st period - Stopped by Pavel Francouz without a rebound.
10:46 of 1st period - Corey Trivino wins face-off versus Ryan Hartman in Sound Tigers zone.
10:57 of 1st period - Snap shot by Borna Rendulic.
10:57 of 1st period - Shot Misses the Net.
10:59 of 1st period - Wrist shot by Borna Rendulic.
10:59 of 1st period - Shot Misses the Net.
11:23 of 1st period - Slapshot by Scott Wilson.
11:23 of 1st period - Shot Blocked by Garret Ross.
11:55 of 1st period - Wrist shot by Sergey Tolchinsky.
11:55 of 1st period - Shot Blocked by Miro Heiskanen.
11:57 of 1st period - Slapshot by Adam Fox.
11:57 of 1st period - Shot Blocked by Nick Blankenburg.
12:05 of 1st period - Slapshot by Sergey Tolchinsky.
12:05 of 1st period - Shot Blocked by Ryan Hartman.
12:58 of 1st period - Snap shot by Jiri Sekac.
12:58 of 1st period - Stopped by Pavel Francouz with a rebound.
13:18 of 1st period - Slapshot by Ty Rattie.
13:18 of 1st period - Shot Blocked by Ryan Hartman.
13:20 of 1st period - Wrist shot by Sergey Tolchinsky.
13:20 of 1st period - Deflect By Ty Rattie.
13:20 of 1st period - Stopped by Pavel Francouz with a rebound.
13:22 of 1st period - Snap shot by Sergey Tolchinsky.
13:22 of 1st period - Stopped by Pavel Francouz without a rebound.
13:23 of 1st period - Ryan Hartman wins face-off versus Mason Appleton in Sound Tigers zone.
13:23 of 1st period - Ryan Hartman is hit by Sergey Tolchinsky.
13:35 of 1st period - Wrist shot by Borna Rendulic.
13:35 of 1st period - Shot Blocked by Adam Fox.
13:37 of 1st period - Snap shot by Borna Rendulic.
13:37 of 1st period - Deflect By Alex Tuch.
13:37 of 1st period - Stopped by Igor Shesterkin without a rebound.
13:38 of 1st period - Danton Heinen wins face-off versus Joe Labate in Rocket zone.
13:49 of 1st period - Wrist shot by Adrian Kempe.
13:49 of 1st period - Shot Misses the Net.
13:51 of 1st period - Slapshot by Andrey Pedan.
13:51 of 1st period - Deflect By Gabriel Carlsson.
13:51 of 1st period - Goal by Andrey Pedan - Rocket : 2 - Sound Tigers : 1.
13:52 of 1st period - Ryan Hartman wins face-off versus Corey Trivino in neutral zone.
14:03 of 1st period - Slapshot by Alex Tuch.
14:03 of 1st period - Shot Blocked by Dean Kukan.
14:05 of 1st period - Slapshot by Borna Rendulic.
14:05 of 1st period - Shot Misses the Net.
14:13 of 1st period - Minor Penalty to Adrian Kempe for Hooking.
14:14 of 1st period - Ryan Hartman wins face-off versus Jiri Sekac in Rocket zone.
14:39 of 1st period - Andrey Pedan is hit by Gabriel Carlsson and loses puck.
15:06 of 1st period - Karson Kuhlman is hit by Nick Blankenburg.
15:28 of 1st period - Corey Trivino is hit by Nick Blankenburg and loses puck.
15:55 of 1st period - Ryan Hartman is hit by Sergey Tolchinsky and loses puck.
16:13 of 1st period - Penalty to Adrian Kempe is over, Adrian Kempe is back on ice.
16:20 of 1st period - Adam Fox is hit by Pavel Kraskovsky and loses puck.
17:39 of 1st period - Jiri Sekac is hit by Ben Thomson and loses puck.
17:50 of 1st period - Gabriel Carlsson is hit by Viktor Loov and loses puck.
18:49 of 1st period - Wrist shot by Ross Colton.
18:49 of 1st period - Shot Blocked by Dean Kukan.
19:31 of 1st period - Dominic Turgeon is hit by Pavel Kraskovsky.
Goals for this period are 2 for Rocket vs 1 for Sound Tigers.
Shots for this period are 13 for Rocket vs 6 for Sound Tigers.

2nd period


0:01 of 2nd period - Corey Trivino wins face-off versus Ryan Hartman in neutral zone.
0:32 of 2nd period - Slapshot by Scott Wilson.
0:32 of 2nd period - Stopped by Pavel Francouz without a rebound.
0:33 of 2nd period - Joe Labate wins face-off versus Karson Kuhlman in Sound Tigers zone.
0:38 of 2nd period - Wrist shot by Brandon Pirri.
0:38 of 2nd period - Stopped by Pavel Francouz with a rebound.
0:40 of 2nd period - Slapshot by Scott Wilson.
0:40 of 2nd period - Stopped by Pavel Francouz with a rebound.
0:42 of 2nd period - Snap shot by Dylan DeMelo.
0:42 of 2nd period - Shot Hit the Post.
0:44 of 2nd period - Slapshot by Andrei Mironov.
0:44 of 2nd period - Shot Misses the Net.
0:58 of 2nd period - Garret Ross is hit by Branden Troock and loses puck.
1:58 of 2nd period - Slapshot by Brandon Pirri.
1:58 of 2nd period - Stopped by Pavel Francouz without a rebound.
1:59 of 2nd period - Ryan Hartman wins face-off versus Dominic Turgeon in Sound Tigers zone.
2:24 of 2nd period - Ross Colton is hit by Adrian Kempe and loses puck.
2:59 of 2nd period - Snap shot by Brandon Pirri.
2:59 of 2nd period - Stopped by Pavel Francouz without a rebound.
3:00 of 2nd period - Ryan Hartman wins face-off versus Dominic Turgeon in Sound Tigers zone.
3:07 of 2nd period - Wrist shot by Borna Rendulic.
3:07 of 2nd period - Stopped by Igor Shesterkin with a rebound.
3:09 of 2nd period - Slapshot by Miro Heiskanen.
3:09 of 2nd period - Deflect By Borna Rendulic.
3:09 of 2nd period - Stopped by Igor Shesterkin with a rebound.
3:11 of 2nd period - Snap shot by Alex Tuch.
3:11 of 2nd period - Stopped by Igor Shesterkin with a rebound.
3:13 of 2nd period - Wrist shot by Ryan Hartman.
3:13 of 2nd period - Deflect By Alex Tuch.
3:13 of 2nd period - Stopped by Igor Shesterkin with a rebound.
3:15 of 2nd period - Wrist shot by Alex Tuch.
3:15 of 2nd period - Goal by Alex Tuch - Rocket : 2 - Sound Tigers : 2.
3:16 of 2nd period - Alex Tuch wins face-off versus Corey Trivino in neutral zone.
3:37 of 2nd period - Slapshot by Joe Labate.
3:37 of 2nd period - Shot Blocked by Scott Wilson.
3:42 of 2nd period - Icing by Brandon Pirri.
3:43 of 2nd period - Karson Kuhlman wins face-off versus Joe Labate in Rocket zone.
3:43 of 2nd period - Karson Kuhlman is hit by James Livingstone.
3:49 of 2nd period - Snap shot by Garret Ross.
3:49 of 2nd period - Goal by Garret Ross - Rocket : 2 - Sound Tigers : 3.
3:50 of 2nd period - Corey Trivino wins face-off versus Ryan Hartman in neutral zone.
3:56 of 2nd period - Minor Penalty to Borna Rendulic for Holding.
3:57 of 2nd period - Ryan Hartman wins face-off versus Corey Trivino in Sound Tigers zone.
4:00 of 2nd period - Off-side.
4:01 of 2nd period - Ryan Hartman wins face-off versus Corey Trivino in neutral zone.
4:04 of 2nd period - Wrist shot by Taylor Aronson.
4:04 of 2nd period - Deflect By Adam Fox.
4:04 of 2nd period - Stopped by Igor Shesterkin without a rebound.
4:05 of 2nd period - Ryan Hartman wins face-off versus Adrian Kempe in Rocket zone.
4:38 of 2nd period - Snap shot by Corey Trivino.
4:38 of 2nd period - Stopped by Pavel Francouz without a rebound.
4:39 of 2nd period - Ryan Hartman wins face-off versus Brandon Pirri in Sound Tigers zone.
4:45 of 2nd period - Off-side.
4:46 of 2nd period - Dominic Turgeon wins face-off versus Ryan Hartman in neutral zone.
5:18 of 2nd period - Wrist shot by Joe Labate.
5:18 of 2nd period - Stopped by Igor Shesterkin with a rebound.
5:22 of 2nd period - Wrist shot by Joe Labate.
5:22 of 2nd period - Stopped by Igor Shesterkin without a rebound.
5:23 of 2nd period - Ryan Hartman wins face-off versus Dominic Turgeon in Rocket zone.
5:56 of 2nd period - Penalty to Borna Rendulic is over, Borna Rendulic is back on ice.
6:26 of 2nd period - Josh Archibald is hit by Andrey Pedan and loses puck.
7:26 of 2nd period - Ryan Hartman is hit by Karson Kuhlman and loses puck.
7:49 of 2nd period - Wrist shot by Tyrell Goulbourne.
7:49 of 2nd period - Shot Misses the Net.
7:51 of 2nd period - Snap shot by Tyrell Goulbourne.
7:51 of 2nd period - Stopped by Igor Shesterkin without a rebound.
7:52 of 2nd period - Rhett Gardner wins face-off versus Corey Trivino in Rocket zone.
8:26 of 2nd period - Slapshot by Dominic Turgeon.
8:26 of 2nd period - Stopped by Pavel Francouz with a rebound.
8:32 of 2nd period - Josh Archibald is hit by Jiri Sekac and loses puck.
9:07 of 2nd period - Miro Heiskanen is hit by Sergey Tolchinsky and loses puck.
9:13 of 2nd period - Icing by Nick Blankenburg.
9:14 of 2nd period - James Livingstone wins face-off versus Corey Trivino in Sound Tigers zone.
9:21 of 2nd period - Danton Heinen is hit by Joe Labate and loses puck.
9:54 of 2nd period - Minor Penalty to Alexander Yelesin for High sticking.
9:55 of 2nd period - Ryan Hartman wins face-off versus Corey Trivino in Sound Tigers zone.
10:15 of 2nd period - Taylor Aronson is hit by Danton Heinen and loses puck.
10:36 of 2nd period - Slapshot by Scott Wilson.
10:36 of 2nd period - Goal by Scott Wilson - Rocket : 3 - Sound Tigers : 3.
10:37 of 2nd period - Ryan Hartman wins face-off versus Corey Trivino in neutral zone.
11:13 of 2nd period - Wrist shot by Garret Ross.
11:13 of 2nd period - Shot Misses the Net.
11:15 of 2nd period - Slapshot by Taylor Aronson.
11:15 of 2nd period - Shot Misses the Net.
11:28 of 2nd period - Off-side.
11:29 of 2nd period - Dominic Turgeon wins face-off versus Pavel Kraskovsky in neutral zone.
11:42 of 2nd period - Slapshot by Pavel Kraskovsky.
11:42 of 2nd period - Stopped by Igor Shesterkin with a rebound.
11:44 of 2nd period - Snap shot by Ben Thomson.
11:44 of 2nd period - Shot Misses the Net.
11:46 of 2nd period - Wrist shot by Pavel Kraskovsky.
11:46 of 2nd period - Goal by Pavel Kraskovsky - Rocket : 3 - Sound Tigers : 4.
11:47 of 2nd period - Corey Trivino wins face-off versus Ryan Hartman in neutral zone.
12:20 of 2nd period - Brandon Pirri is hit by Ben Thomson and loses puck.
12:35 of 2nd period - Slapshot by Adam Fox.
12:35 of 2nd period - Deflect By Dominic Turgeon.
12:35 of 2nd period - Shot Misses the Net.
12:35 of 2nd period - Puck is out of play.
12:36 of 2nd period - Joe Labate wins face-off versus Dominic Turgeon in Sound Tigers zone.
13:09 of 2nd period - Wrist shot by Ben Thomson.
13:09 of 2nd period - Shot Misses the Net.
13:11 of 2nd period - Wrist shot by Pavel Kraskovsky.
13:11 of 2nd period - Stopped by Igor Shesterkin with a rebound.
13:13 of 2nd period - Snap shot by Pavel Kraskovsky.
13:13 of 2nd period - Stopped by Igor Shesterkin with a rebound.
13:35 of 2nd period - Wrist shot by Corey Trivino.
13:35 of 2nd period - Shot Misses the Net.
13:53 of 2nd period - Slapshot by Gabriel Carlsson.
13:53 of 2nd period - Deflect By Karson Kuhlman.
13:53 of 2nd period - Stopped by Igor Shesterkin with a rebound.
13:55 of 2nd period - Slapshot by Garret Ross.
13:55 of 2nd period - Deflect By Joe Labate.
13:55 of 2nd period - Stopped by Igor Shesterkin without a rebound.
13:56 of 2nd period - Joe Labate wins face-off versus Corey Trivino in Rocket zone.
14:06 of 2nd period - Minor Penalty to Danton Heinen for Hooking.
14:07 of 2nd period - Dominic Turgeon wins face-off versus Ryan Hartman in Rocket zone.
14:19 of 2nd period - Snap shot by Ryan Hartman.
14:19 of 2nd period - Goal by Ryan Hartman - Rocket : 3 - Sound Tigers : 5.
14:19 of 2nd period - Eamon McAdam enters game.
14:20 of 2nd period - Corey Trivino wins face-off versus Borna Rendulic in neutral zone.
14:28 of 2nd period - Minor Penalty to Taylor Aronson for Holding.
14:29 of 2nd period - Ryan Hartman wins face-off versus Adrian Kempe in Sound Tigers zone.
14:36 of 2nd period - Off-side.
14:37 of 2nd period - Alex Tuch wins face-off versus Corey Trivino in neutral zone.
15:20 of 2nd period - Adam Fox is hit by Garret Ross and loses puck.
16:28 of 2nd period - Penalty to Taylor Aronson is over, Taylor Aronson is back on ice.
16:59 of 2nd period - Josh Archibald is hit by Branden Troock and loses puck.
17:19 of 2nd period - Ty Rattie is hit by Alexander Yelesin.
17:52 of 2nd period - Adrian Kempe is hit by Ben Thomson and loses puck.
18:44 of 2nd period - Jiri Sekac is hit by Garret Ross and loses puck.
19:17 of 2nd period - Snap shot by Tyrell Goulbourne.
19:17 of 2nd period - Goal by Tyrell Goulbourne - Rocket : 3 - Sound Tigers : 6.
19:18 of 2nd period - Ryan Hartman wins face-off versus Corey Trivino in neutral zone.
19:26 of 2nd period - Off-side.
19:27 of 2nd period - Corey Trivino wins face-off versus Ryan Hartman in neutral zone.
19:34 of 2nd period - Wrist shot by Adrian Kempe.
19:34 of 2nd period - Shot Blocked by Miro Heiskanen.
Goals for this period are 1 for Rocket vs 5 for Sound Tigers.
Shots for this period are 8 for Rocket vs 18 for Sound Tigers.

3rd period


0:01 of 3rd period - Corey Trivino wins face-off versus Ryan Hartman in neutral zone.
0:08 of 3rd period - Snap shot by Ryan Hartman.
0:08 of 3rd period - Deflect By Borna Rendulic.
0:08 of 3rd period - Stopped by Eamon McAdam with a rebound.
0:35 of 3rd period - Snap shot by Scott Wilson.
0:35 of 3rd period - Shot Misses the Net.
1:18 of 3rd period - Snap shot by Garret Ross.
1:18 of 3rd period - Stopped by Eamon McAdam with a rebound.
1:20 of 3rd period - Wrist shot by Miro Heiskanen.
1:20 of 3rd period - Stopped by Eamon McAdam without a rebound.
1:21 of 3rd period - Ryan Hartman wins face-off versus Corey Trivino in Rocket zone.
1:25 of 3rd period - Minor Penalty to Danton Heinen for Holding.
1:26 of 3rd period - Ryan Hartman wins face-off versus Dominic Turgeon in Rocket zone.
1:26 of 3rd period - Snap shot by Borna Rendulic.
1:26 of 3rd period - Stopped by Eamon McAdam with a rebound.
1:28 of 3rd period - Backhand shot by Borna Rendulic.
1:28 of 3rd period - Stopped by Eamon McAdam with a rebound.
1:30 of 3rd period - Wrist shot by Gabriel Carlsson.
1:30 of 3rd period - Stopped by Eamon McAdam with a rebound.
1:32 of 3rd period - Slapshot by Gabriel Carlsson.
1:32 of 3rd period - Stopped by Eamon McAdam without a rebound.
1:33 of 3rd period - Ryan Hartman wins face-off versus Dominic Turgeon in Rocket zone.
1:54 of 3rd period - Slapshot by Gabriel Carlsson.
1:54 of 3rd period - Deflect By Ryan Hartman.
1:54 of 3rd period - Stopped by Eamon McAdam without a rebound.
1:55 of 3rd period - Dominic Turgeon wins face-off versus Joe Labate in Rocket zone.
3:25 of 3rd period - Penalty to Danton Heinen is over, Danton Heinen is back on ice.
4:08 of 3rd period - Minor Penalty to Adrian Kempe for Goalie Interference.
4:09 of 3rd period - Ryan Hartman wins face-off versus Dominic Turgeon in Rocket zone.
4:10 of 3rd period - Snap shot by Borna Rendulic.
4:10 of 3rd period - Stopped by Eamon McAdam with a rebound.
4:12 of 3rd period - Snap shot by Borna Rendulic.
4:12 of 3rd period - Stopped by Eamon McAdam with a rebound.
4:14 of 3rd period - Snap shot by Alex Tuch.
4:14 of 3rd period - Goal by Alex Tuch - Rocket : 3 - Sound Tigers : 7.
4:15 of 3rd period - Corey Trivino wins face-off versus Ryan Hartman in neutral zone.
4:22 of 3rd period - Snap shot by Danton Heinen.
4:22 of 3rd period - Shot Misses the Net.
4:40 of 3rd period - Garret Ross is hit by Scott Wilson and loses puck.
4:47 of 3rd period - Slapshot by Scott Wilson.
4:47 of 3rd period - Shot Misses the Net.
5:29 of 3rd period - Slapshot by Gabriel Carlsson.
5:29 of 3rd period - Shot Misses the Net.
5:51 of 3rd period - Minor Penalty to Adam Fox for Hooking.
5:52 of 3rd period - Ryan Hartman wins face-off versus Dominic Turgeon in Rocket zone.
6:02 of 3rd period - Slapshot by Ryan Hartman.
6:02 of 3rd period - Stopped by Eamon McAdam with a rebound.
6:04 of 3rd period - Slapshot by Nick Blankenburg.
6:04 of 3rd period - Stopped by Eamon McAdam with a rebound.
6:06 of 3rd period - Slapshot by Miro Heiskanen.
6:06 of 3rd period - Goal by Miro Heiskanen - Rocket : 3 - Sound Tigers : 8.
6:07 of 3rd period - Corey Trivino wins face-off versus Ryan Hartman in neutral zone.
6:58 of 3rd period - Miro Heiskanen is hit by Dominic Turgeon and loses puck.
7:05 of 3rd period - Slapshot by Dylan DeMelo.
7:05 of 3rd period - Deflect By Jiri Sekac.
7:05 of 3rd period - Shot Misses the Net.
7:05 of 3rd period - Puck is out of play.
7:06 of 3rd period - Corey Trivino wins face-off versus Ryan Hartman in Sound Tigers zone.
7:11 of 3rd period - Slapshot by Adrian Kempe.
7:11 of 3rd period - Stopped by Pavel Francouz with a rebound.
7:13 of 3rd period - Slapshot by Andrei Mironov.
7:13 of 3rd period - Shot Misses the Net.
7:15 of 3rd period - Wrist shot by Adrian Kempe.
7:15 of 3rd period - Shot Misses the Net.
7:33 of 3rd period - Snap shot by Brandon Pirri.
7:33 of 3rd period - Shot Misses the Net.
7:35 of 3rd period - Slapshot by Dylan DeMelo.
7:35 of 3rd period - Stopped by Pavel Francouz without a rebound.
7:36 of 3rd period - Joe Labate wins face-off versus Karson Kuhlman in Sound Tigers zone.
8:05 of 3rd period - Off-side.
8:06 of 3rd period - Ryan Hartman wins face-off versus Corey Trivino in neutral zone.
8:09 of 3rd period - Corey Trivino is hit by Borna Rendulic and loses puck.
8:26 of 3rd period - Snap shot by Adrian Kempe.
8:26 of 3rd period - Stopped by Pavel Francouz without a rebound.
8:27 of 3rd period - Joe Labate wins face-off versus Karson Kuhlman in Sound Tigers zone.
8:40 of 3rd period - Slapshot by Adam Fox.
8:40 of 3rd period - Stopped by Pavel Francouz without a rebound.
8:41 of 3rd period - Alex Tuch wins face-off versus Corey Trivino in Sound Tigers zone.
8:54 of 3rd period - Slapshot by Andrey Pedan.
8:54 of 3rd period - Shot Blocked by Alex Tuch.
8:56 of 3rd period - Slapshot by Dean Kukan.
8:56 of 3rd period - Stopped by Pavel Francouz with a rebound.
9:08 of 3rd period - Dean Kukan is hit by Gabriel Carlsson and loses puck.
10:20 of 3rd period - Wrist shot by Danton Heinen.
10:20 of 3rd period - Deflect By Adrian Kempe.
10:20 of 3rd period - Goal by Adrian Kempe - Rocket : 4 - Sound Tigers : 8.
10:21 of 3rd period - Corey Trivino wins face-off versus Ryan Hartman in neutral zone.
10:24 of 3rd period - Slapshot by Adam Fox.
10:24 of 3rd period - Shot Blocked by Alex Tuch.
10:55 of 3rd period - Slapshot by Adam Fox.
10:55 of 3rd period - Stopped by Pavel Francouz with a rebound.
11:01 of 3rd period - Brandon Pirri is hit by Garret Ross and loses puck.
11:12 of 3rd period - Slapshot by Adam Fox.
11:12 of 3rd period - Shot Misses the Net.
11:25 of 3rd period - Wrist shot by Adam Fox.
11:25 of 3rd period - Deflect By Jiri Sekac.
11:25 of 3rd period - Stopped by Pavel Francouz without a rebound.
11:26 of 3rd period - Corey Trivino wins face-off versus Ryan Hartman in Sound Tigers zone.
11:36 of 3rd period - Miro Heiskanen is hit by Viktor Loov and loses puck.
12:00 of 3rd period - Wrist shot by Scott Wilson.
12:00 of 3rd period - Shot Blocked by Gabriel Carlsson.
12:02 of 3rd period - Slapshot by Andrey Pedan.
12:02 of 3rd period - Deflect By James Livingstone.
12:02 of 3rd period - Stopped by Pavel Francouz without a rebound.
12:03 of 3rd period - Karson Kuhlman wins face-off versus Alex Tuch in Sound Tigers zone.
12:16 of 3rd period - Slapshot by Scott Wilson.
12:16 of 3rd period - Stopped by Pavel Francouz without a rebound.
12:17 of 3rd period - Corey Trivino wins face-off versus Joe Labate in Sound Tigers zone.
12:21 of 3rd period - Minor Penalty to James Livingstone for Holding.
12:22 of 3rd period - Corey Trivino wins face-off versus Ryan Hartman in Sound Tigers zone.
14:21 of 3rd period - Penalty to James Livingstone is over, James Livingstone is back on ice.
14:35 of 3rd period - Alexander Yelesin is hit by Ty Rattie and loses puck.
14:46 of 3rd period - Dominic Turgeon is hit by Alexander Yelesin and loses puck.
15:59 of 3rd period - Snap shot by Jiri Sekac.
15:59 of 3rd period - Shot Blocked by Taylor Aronson.
16:01 of 3rd period - Wrist shot by Branden Troock.
16:01 of 3rd period - Shot Misses the Net.
16:07 of 3rd period - Slapshot by Dylan DeMelo.
16:07 of 3rd period - Stopped by Pavel Francouz with a rebound.
16:22 of 3rd period - Off-side.
16:23 of 3rd period - Corey Trivino wins face-off versus Ryan Hartman in neutral zone.
16:28 of 3rd period - Snap shot by Alex Tuch.
16:28 of 3rd period - Shot Misses the Net.
16:48 of 3rd period - Miro Heiskanen is hit by Dean Kukan and loses puck.
16:57 of 3rd period - Dean Kukan is hit by Alexander Yelesin.
17:17 of 3rd period - Snap shot by Sergey Tolchinsky.
17:17 of 3rd period - Shot Blocked by Josh Archibald.
17:19 of 3rd period - Slapshot by Andrey Pedan.
17:19 of 3rd period - Stopped by Pavel Francouz without a rebound.
17:20 of 3rd period - Ryan Hartman wins face-off versus Corey Trivino in Sound Tigers zone.
17:43 of 3rd period - Minor Penalty to Nick Blankenburg for Hooking.
17:44 of 3rd period - Corey Trivino wins face-off versus Ryan Hartman in Sound Tigers zone.
18:14 of 3rd period - Minor Penalty to Andrey Pedan for Hooking.
18:15 of 3rd period - Ryan Hartman wins face-off versus Mason Appleton in Rocket zone.
18:19 of 3rd period - Slapshot by Alex Tuch.
18:19 of 3rd period - Stopped by Eamon McAdam with a rebound.
18:31 of 3rd period - Wrist shot by Mason Appleton.
18:31 of 3rd period - Shot Misses the Net.
19:43 of 3rd period - Penalty to Nick Blankenburg is over, Nick Blankenburg is back on ice.
19:52 of 3rd period - Snap shot by James Livingstone.
19:52 of 3rd period - Stopped by Eamon McAdam with a rebound.
19:54 of 3rd period - Wrist shot by Ben Thomson.
19:54 of 3rd period - Deflect By James Livingstone.
19:54 of 3rd period - Goal by James Livingstone - Rocket : 4 - Sound Tigers : 9.
19:55 of 3rd period - Karson Kuhlman wins face-off versus Joe Labate in neutral zone.
Goals for this period are 1 for Rocket vs 3 for Sound Tigers.
Shots for this period are 12 for Rocket vs 17 for Sound Tigers.